General information
- name: BNet
- type: Ladder team game (AT/RT)
- host: Battle.net
- saver: lazybumbuthere
map: DragonFalls
- players: 8
- length: 16:38
- speed: Fast
- version: 1.27 W3XP
- replay type: Public
» download(119 KB)
Players
team 1 (winner)
MiniRaeAce (
orange | 33 APM | 542 actions | 16:38)
6 Goblin Tinker
3 Pocket Factory
2 Engineering Upgrade
1 Robo-Goblin
» actions
| Build / train | 46 | |
| Enter build submenu | 19 | |
| Enter hero's abilities submenu | 6 | |
| Give item / drop item | 3 | |
| Right click | 215 | |
| Select / deselect | 208 | |
| Use ability | 45 | |
542 total
» units
| Acolyte | 7 | |
| Ghoul | 3 | |
| Crypt Fiend | 11 | |
| Furbolg Shaman | 2 | |
| Thunder Lizard | 1 | |
| Satyr Shadowdancer | 1 | |
25 total
» upgrades
| Creature Carapace | 2 | |
| Creature Attack | 2 | |
| Web | 1 | |
| Burrow | 1 | |
6 total
» buildings
| Graveyard | 1 | |
| Crypt | 2 | |
| Ziggurat | 8 | |
| Altar of Darkness | 1 | |
| Halls of the Dead | 1 | |
| Tomb of Relics | 1 | |
| Necropolis | 1 | |
| Black Citadel | 1 | |
| Sacrificial Pit | 1 | |
| Spirit Tower | 1 | |
| Nerubian Tower | 2 | |
20 total
» build order
00:39 Graveyard
00:43 Crypt
00:46 Ziggurat
01:21 Altar of Darkness
01:25 Ziggurat
01:42 Crypt
03:43 Halls of the Dead
04:43 Ziggurat
05:18 Ziggurat
05:29 Tomb of Relics
08:06 Necropolis
11:03 Black Citadel
11:12 Ziggurat
11:16 Ziggurat
11:19 Ziggurat
11:23 Ziggurat
11:46 Sacrificial Pit
12:35 Spirit Tower
12:38 Nerubian Tower
13:20 Nerubian Tower

»
OB)Gohm (
red | 148 APM | 2457 actions | 16:38)
5 Tauren Chieftain
2 Endurance Aura
3 Shockwave
» actions
| Assign group hotkey | 92 | |
| Basic commands | 32 | |
| Build / train | 84 | |
| ESC pressed | 9 | |
| Enter build submenu | 25 | |
| Enter hero's abilities submenu | 5 | |
| Give item / drop item | 3 | |
| Right click | 984 | |
| Select / deselect | 272 | |
| Select group hotkey | 844 | |
| Use ability | 107 | |
2457 total
» units
| Peon | 12 | |
| Grunt | 18 | |
| Troll Batrider | 3 | |
33 total
» upgrades
| Pillage | 1 | |
| Melee Weapons | 2 | |
| Berserker Strength | 1 | |
| Armor | 1 | |
5 total
» buildings
| Altar of Storms | 2 | |
| Barracks | 2 | |
| Orc Burrow | 8 | |
| Voodoo Lounge | 2 | |
| War Mill | 2 | |
| Stronghold | 1 | |
| Watch Tower | 2 | |
| Fortress | 2 | |
| Beastiary | 2 | |
23 total
» build order
00:04 Altar of Storms
00:11 Barracks
00:21 Altar of Storms
00:31 Orc Burrow
01:40 Voodoo Lounge
01:42 Voodoo Lounge
02:15 Orc Burrow
02:57 War Mill
03:37 Orc Burrow
04:45 War Mill
04:59 Stronghold
05:14 Barracks
06:10 Orc Burrow
08:39 Orc Burrow
10:04 Watch Tower
10:04 Watch Tower
10:28 Orc Burrow
10:43 Fortress
10:43 Fortress
13:25 Beastiary
13:25 Beastiary
14:17 Orc Burrow
16:25 Orc Burrow
» items
| Healing Salve | 12 | |
| Scroll of Town Portal | 3 | |
| Scroll of Speed | 3 | |
| Lesser Clarity Potion | 4 | |
| Potion of Mana | 2 | |
| Potion of Healing | 5 | |
29 total

»
78704 (
purple | 55 APM | 915 actions | 16:38)
5 Death Knight
3 Death Coil
2 Unholy Aura
4 Pit Lord
2 Howl of Terror
2 Cleaving Attack
» actions
| Assign group hotkey | 21 | |
| Basic commands | 8 | |
| Build / train | 53 | |
| Enter build submenu | 16 | |
| Enter hero's abilities submenu | 9 | |
| Right click | 235 | |
| Select / deselect | 124 | |
| Select group hotkey | 407 | |
| Use ability | 42 | |
915 total
» units
| Acolyte | 7 | |
| Ghoul | 7 | |
| Crypt Fiend | 6 | |
| Gargoyle | 2 | |
| Green Drake | 2 | |
| Green Dragon Whelp | 2 | |
| Green Dragon | 1 | |
27 total
» upgrades
| Unholy Armor | 1 | |
| Unholy Strength | 1 | |
| Web | 1 | |
| Creature Carapace | 1 | |
| Creature Attack | 1 | |
5 total
» buildings
| Ziggurat | 7 | |
| Altar of Darkness | 1 | |
| Crypt | 2 | |
| Graveyard | 1 | |
| Tomb of Relics | 1 | |
| Nerubian Tower | 1 | |
| Halls of the Dead | 1 | |
| Spirit Tower | 3 | |
| Black Citadel | 3 | |
| Sacrificial Pit | 1 | |
21 total
» build order
00:12 Ziggurat
00:15 Altar of Darkness
00:35 Crypt
01:31 Ziggurat
01:38 Graveyard
02:25 Tomb of Relics
02:33 Nerubian Tower
04:03 Halls of the Dead
04:41 Ziggurat
06:58 Spirit Tower
06:59 Spirit Tower
08:01 Ziggurat
08:15 Ziggurat
09:19 Spirit Tower
10:36 Black Citadel
10:36 Black Citadel
10:59 Ziggurat
12:32 Crypt
12:34 Ziggurat
14:49 Sacrificial Pit
» items
Kolinete (
yellow | 53 APM | 890 actions | 16:38)
5 Mountain King
3 Storm Bolt
2 Bash
» actions
| Assign group hotkey | 18 | |
| Basic commands | 21 | |
| Build / train | 58 | |
| Enter build submenu | 38 | |
| Enter hero's abilities submenu | 5 | |
| Give item / drop item | 3 | |
| Right click | 297 | |
| Select / deselect | 182 | |
| Select group hotkey | 212 | |
| Use ability | 56 | |
890 total
» units
| Peasant | 16 | |
| Rifleman | 6 | |
| Mortar Team | 2 | |
| Siege Engine | 6 | |
30 total
» upgrades
| Gunpowder | 1 | |
| Long Rifles | 1 | |
| Barrage | 1 | |
| Lumber Harvesting | 2 | |
| Fragmentation Shards | 1 | |
| Plating | 1 | |
7 total
» buildings
| Farm | 14 | |
| Altar of Kings | 1 | |
| Lumber Mill | 1 | |
| Barracks | 2 | |
| Arcane Vault | 2 | |
| Blacksmith | 1 | |
| Scout Tower | 5 | |
| Keep | 1 | |
| Guard Tower | 4 | |
| Town Hall | 1 | |
| Arcane Tower | 1 | |
| Castle | 1 | |
| Workshop | 4 | |
38 total
» build order
00:18 Farm
00:21 Altar of Kings
00:43 Lumber Mill
01:22 Farm
01:25 Barracks
02:08 Farm
02:11 Farm
02:14 Arcane Vault
02:18 Blacksmith
02:51 Barracks
03:00 Scout Tower
03:04 Farm
04:04 Keep
04:09 Guard Tower
04:12 Farm
05:36 Farm
06:55 Town Hall
06:58 Arcane Vault
07:02 Scout Tower
07:03 Scout Tower
07:05 Scout Tower
07:36 Arcane Tower
07:38 Guard Tower
09:44 Castle
09:47 Workshop
09:50 Workshop
09:52 Workshop
09:56 Workshop
11:03 Scout Tower
11:05 Guard Tower
12:36 Guard Tower
12:38 Farm
15:21 Farm
15:23 Farm
15:26 Farm
15:55 Farm
15:57 Farm
16:02 Farm
» items
| Scroll of Regeneration | 2 | |
| Lesser Clarity Potion | 1 | |
| Rod of Necromancy | 1 | |
| Orb of Fire | 1 | |
| Potion of Healing | 2 | |
| Scroll of Town Portal | 1 | |
8 total
team 2 (loser)
vinamilk (
green | 58 APM | 900 actions | 15:37)
3 Keeper of the Grove
1 Force of Nature
2 Entangling Roots
1 Demon Hunter
1 Immolation
» actions
| Assign group hotkey | 15 | |
| Basic commands | 4 | |
| Build / train | 94 | |
| Enter build submenu | 16 | |
| Enter hero's abilities submenu | 4 | |
| Remove unit from queue | 2 | |
| Right click | 375 | |
| Select / deselect | 248 | |
| Select group hotkey | 96 | |
| Use ability | 46 | |
900 total
» units
| Wisp | 26 | |
| Archer | 18 | |
| Hippogryph | 15 | |
| Druid of the Talon | 1 | |
60 total
» upgrades
| Hippogryph Taming | 1 | |
| Strength of the Moon | 2 | |
| Improved Bows | 1 | |
| Druid of the Talon Training | 1 | |
| Moon Armor | 1 | |
6 total
» buildings
| Moon Well | 6 | |
| Altar of Elders | 1 | |
| Ancient of War | 2 | |
| Tree of Ages | 1 | |
| Hunter's Hall | 1 | |
| Ancient of Wind | 3 | |
| Tree of Life | 1 | |
| Tree of Eternity | 3 | |
| Ancient of Wonders | 1 | |
| Ancient of Lore | 1 | |
20 total
» build order
00:22 Moon Well
01:24 Moon Well
01:32 Altar of Elders
01:47 Ancient of War
02:22 Moon Well
03:31 Tree of Ages
04:22 Hunter's Hall
05:59 Ancient of Wind
06:00 Ancient of Wind
06:03 Ancient of War
06:24 Ancient of Wind
08:14 Tree of Life
09:55 Moon Well
09:56 Moon Well
11:49 Tree of Eternity
11:49 Tree of Eternity
11:50 Tree of Eternity
12:08 Moon Well
12:22 Ancient of Wonders
13:30 Ancient of Lore
likeKNIVES (
pink | 81 APM | 1246 actions | 15:28)
3 Death Knight
2 Death Coil
1 Unholy Aura
2 Lich
1 Frost Nova
1 Frost Armor
» actions
| Assign group hotkey | 39 | |
| Basic commands | 122 | |
| Build / train | 43 | |
| Enter build submenu | 13 | |
| Enter hero's abilities submenu | 6 | |
| Give item / drop item | 3 | |
| Right click | 490 | |
| Select / deselect | 175 | |
| Select group hotkey | 283 | |
| Use ability | 72 | |
1246 total
» units
| Acolyte | 2 | |
| Ghoul | 2 | |
| Crypt Fiend | 12 | |
| Obsidian Statue | 3 | |
19 total
» upgrades
| Creature Attack | 2 | |
| Burrow | 1 | |
| Web | 1 | |
4 total
» buildings
| Crypt | 2 | |
| Graveyard | 1 | |
| Altar of Darkness | 1 | |
| Ziggurat | 6 | |
| Tomb of Relics | 1 | |
| Halls of the Dead | 1 | |
| Nerubian Tower | 1 | |
| Slaughterhouse | 1 | |
| Black Citadel | 1 | |
15 total
» build order
00:08 Crypt
00:11 Graveyard
00:41 Altar of Darkness
00:59 Ziggurat
01:34 Tomb of Relics
02:10 Ziggurat
03:45 Ziggurat
05:57 Halls of the Dead
06:22 Nerubian Tower
08:29 Ziggurat
08:32 Slaughterhouse
08:34 Black Citadel
13:17 Ziggurat
13:18 Ziggurat
14:53 Crypt
» items
| Rod of Necromancy | 3 | |
| Dust of Appearance | 1 | |
| Scroll of Town Portal | 3 | |
7 total

»
COREY (
blue | 56 APM | 873 actions | 15:32)
4 Blademaster
2 Critical Strike
1 Wind Walk
1 Mirror Image
1 Far Seer
1 Feral Spirit
» actions
| Assign group hotkey | 5 | |
| Build / train | 54 | |
| Enter build submenu | 20 | |
| Enter hero's abilities submenu | 5 | |
| Give item / drop item | 1 | |
| Remove unit from queue | 2 | |
| Right click | 465 | |
| Select / deselect | 218 | |
| Select group hotkey | 68 | |
| Use ability | 35 | |
873 total
» units
| Peon | 12 | |
| Grunt | 7 | |
| Troll Headhunter/Berserker | 7 | |
| Demolisher | 3 | |
29 total
» upgrades
| Ranged Weapons | 2 | |
| Armor | 1 | |
| Troll Regeneration | 1 | |
| Berserker Strength | 1 | |
| Melee Weapons | 2 | |
| Reinforced Defenses | 1 | |
8 total
» buildings
| Orc Burrow | 7 | |
| Altar of Storms | 1 | |
| War Mill | 1 | |
| Voodoo Lounge | 1 | |
| Barracks | 2 | |
| Great Hall | 2 | |
| Stronghold | 3 | |
| Fortress | 1 | |
| Watch Tower | 3 | |
21 total
» build order
00:08 Orc Burrow
00:13 Altar of Storms
00:53 War Mill
01:19 Voodoo Lounge
01:59 Barracks
02:35 Orc Burrow
02:53 Barracks
03:14 Orc Burrow
05:52 Great Hall
05:57 Great Hall
06:05 Stronghold
06:06 Stronghold
06:06 Stronghold
07:17 Orc Burrow
08:25 Orc Burrow
08:57 Fortress
09:36 Watch Tower
12:08 Orc Burrow
12:10 Orc Burrow
13:06 Watch Tower
13:10 Watch Tower
» items
| Healing Salve | 1 | |
| Circlet of Nobility | 2 | |
| Scroll of Town Portal | 1 | |
4 total
lazybumbuthere (
teal | 11 APM | 179 actions | 16:38)
» actions
| Assign group hotkey | 1 | |
| Basic commands | 13 | |
| Right click | 145 | |
| Select / deselect | 19 | |
| Use ability | 1 | |
179 total
Chat log
(00:39 / Allies) COREY: well we rush then?
(00:43 / Allies) likeKNIVES: yes
(00:47 / Allies) COREY: k
(01:27 / Allies) likeKNIVES: hes here
(01:43 / Allies) likeKNIVES: just trolling
(01:49 / Allies) likeKNIVES: like a fucking faggot bitch
(02:46 / Allies) COREY: grunt/hh mix
(03:37 / Allies) likeKNIVES: go?
(03:43 / Allies) vinamilk: not yet
(04:39 / Allies) likeKNIVES: heal dk please
(04:40 / Allies) likeKNIVES: blue
(04:48 / Allies) likeKNIVES: thx
(05:48 / Allies) likeKNIVES: heal up
(07:45 / Allies) lazybumbuthere: trading deer meat for blue beads
(07:56 / Allies) vinamilk: don't tp
(07:58 / Allies) likeKNIVES: no help?
(08:15 / All) lazybumbuthere: trading deer meat for blue beads
(08:49 / Allies) lazybumbuthere: us peons are eating good tonight
(08:52 / Allies) likeKNIVES: lets hit
(09:00 / Allies) likeKNIVES: we said rush
(09:01 / Allies) likeKNIVES: jesus
(09:35 / Allies) vinamilk: dont
(10:52 / Allies) lazybumbuthere: lots of deer on these lands
(10:57 / Allies) lazybumbuthere: hope the king doesn't jail me
(11:02 / Allies) likeKNIVES: stfu
(11:03 / Allies) likeKNIVES: faggot
(11:09 / Allies) likeKNIVES: you have nothing better to do?
(11:12 / Allies) likeKNIVES: piece of shit
(11:33 / Allies) lazybumbuthere: trading deer meat for beads
(11:39 / Allies) vinamilk: dont tp wtf
(11:43 / Allies) COREY: lets hit
(11:44 / Allies) likeKNIVES: lets go
(12:07 / Allies) likeKNIVES: i need tp lopl
(12:13 / Allies) lazybumbuthere: selling deer meat for beads
(12:39 / Allies) lazybumbuthere: that was close
(12:52 / Allies) lazybumbuthere: they'll kill you on sight
(12:55 / Allies) lazybumbuthere: I hope my village is okay
(12:56 / All) MiniRaeAce: your secrets are found
(13:02 / All) MiniRaeAce: your a fraud
(13:14 / All) lazybumbuthere: selling deer meat for baeds
(13:25 / All) lazybumbuthere: lots of good deer meat
(13:29 / All) lazybumbuthere: hope my village is okay
(13:34 / All) lazybumbuthere: us peons are eating good tonight!
(13:37 / All) likeKNIVES: squelch him
(14:46 / All) lazybumbuthere: deer meat for beads
(14:54 / All) lazybumbuthere: deer meat for alcohol
(15:38 / All) MiniRaeAce: all your bases belong to us
(15:42 / All) lazybumbuthere: deer meat for alcohol
(16:00 / All) MiniRaeAce: give you what
(16:09 / All) lazybumbuthere: alcohol
(16:12 / All) lazybumbuthere: for deer meat
(16:14 / All) MiniRaeAce: no
(16:15 / All) lazybumbuthere: we prefer rum
(16:21 / All) lazybumbuthere: we mix it with magic powder
(16:25 / All) lazybumbuthere: for a real fun time
(16:32 / All) lazybumbuthere: PLEASE SIOR
(16:36 / All) lazybumbuthere: RIP